 Dungeon Crawl Stone Soup version 0.25-a0-464-g3004169c2b (webtiles) character file.

Game seed: 3401549181666884419, levelgen mode: deterministic

19846 dunjonMagik the Spear-Bearer (level 12, -3/84 HPs)
             Began as an Octopode Fighter on Feb 4, 2020.
             Was a Priest of Yredelemnul.
             Slain by a death ooze (24 damage)
             ... in a Gauntlet.
             The game lasted 00:43:54 (17990 turns).

dunjonMagik the Spear-Bearer (Octopode Fighter)    Turns: 17990, Time: 00:43:55

Health: -3/84      AC:  4    Str: 23    XL:     12   Next: 73%
Magic:  15/15      EV: 16    Int: 12    God:    Yredelemnul [***...]
Gold:   408        SH: 13    Dex:  9    Spells: 11/11 levels left

rFire    + . .     SeeInvis .   z - +8 trident of the Octopus King {venom, rElec rPois MR+}
rCold    x . .     Gourm    .   b - +1 shield
rNeg     + + +     Faith    .   J - +3 hat "Opnuboif" {rN++ Dex-3}
rPois    +         Spirit   .   (no amulet)
rElec    +         Reflect  .   s - ring of resist corrosion
rCorr    +         Harm     .   q - ring of positive energy
MR       +....     NoTele   +   E - ring of fire
Stlth    ++........             (no ring)
HPRegen  0.24/turn              (no ring)
MPRegen  0.14/turn              (no ring)
                                (no ring)
                                (no ring)

@: mighty
A: almost no armour, stealthy swim, amphibious, 8 rings, constrict 8, camouflage
1, gelatinous body 1
a: Recall Undead Slaves, Injury Mirror, Animate Dead, Renounce Religion


You were in a Gauntlet.
You worshipped Yredelemnul.
Yredelemnul was most pleased with you.
You were not hungry.

You visited 3 branches of the dungeon, and saw 16 of its levels.
You also visited: Sewer and Gauntlet.

You collected 492 gold pieces.
You spent 84 gold pieces at shops.

Inventory:

Hand Weapons
 j - the +5 flail of Eternal Vigilance {protect, rElec Dex+4}
   (You found it on level 6 of the Dungeon)

   It grants its wielder temporary protection when it strikes (+7 to AC).
   It affects your dexterity (+4).
   It insulates you from electricity.
 l - a +4 vorpal trident
 z - the +8 trident of the Octopus King (weapon) {venom, rElec rPois MR+}
   (You found it on level 9 of the Dungeon)

   It poisons the flesh of those it strikes.
   It insulates you from electricity.
   It protects you from poison.
   It affects your resistance to hostile enchantments.
Missiles
 g - 34 poisoned darts (quivered)
 w - 4 boomerangs of dispersal
Armour
 b - a +1 shield (worn)
 J - the +3 hat "Opnuboif" (worn) {rN++ Dex-3}
   (You found it in a Gauntlet)

   It affects your dexterity (-3).
   It greatly protects you from negative energy.
   If you remove this armour, your AC will fall 3 points (4 -> 1)
Jewellery
 q - a ring of positive energy (right tentacle)
 s - a ring of resist corrosion (left tentacle)
 E - a ring of fire (on tentacle)
Wands
 r - a wand of acid (4)
 t - a wand of random effects (19)
 B - a wand of flame (45)
 D - a wand of enslavement (16)
 G - a wand of iceblast (7)
 H - a wand of paralysis (10)
Scrolls
 a - a scroll of fog
 h - 4 scrolls of identify
 k - 6 scrolls of teleportation
 o - 3 scrolls of amnesia
 x - a scroll of enchant weapon
 y - 3 scrolls of magic mapping
 A - a scroll of remove curse
Potions
 c - a potion of mutation {unknown}
 f - a potion of brilliance {unknown}
 i - 2 potions of resistance {unknown}
 m - 2 potions of magic {unknown}
 n - 4 potions of flight {unknown}
 p - 2 potions of ambrosia {unknown}
 u - a potion of curing
 v - 3 potions of agility {unknown}
 C - a potion of cancellation {unknown}
 F - a potion of invisibility {unknown}
Comestibles
 d - 21 rations


   Skills:
 + Level 8.6 Fighting
 - Level 7.6 Maces & Flails
 - Level 10.9 Polearms
 - Level 9.4 Dodging
 - Level 10.3 Shields
 - Level 4.9 Invocations


You had 11 spell levels left.
You didn't know any spells.
Your spell library contained the following spells:

 Spells                   Type           Power        Failure   Level  Hunger
 Magic Dart               Conj           #...         52%         1    ##.....
 Passwall                 Tmut/Erth      #.......     65%         2    ###....
 Swiftness                Chrm/Air       #.......     65%         2    ###....
 Cause Fear               Hex            #.........   99%         4    #####..
 Passage of Golubria      Tloc           N/A          99%         4    #####..
 Lee's Rapid Deconstruct  Erth           #.........   100%        5    ######.
 Silence                  Hex/Air        #.........   100%        5    ######.
 Yara's Violent Unravell  Hex/Tmut       #.........   100%        5    ######.
 Darkness                 Hex            #.........   100%        6    #######
 Deflect Missiles         Chrm/Air       #.........   100%        6    #######
 Invisibility             Hex            #.......     100%        6    #######
 Discord                  Hex            #.........   100%        8    #######


Dungeon Overview and Level Annotations

Branches:
Dungeon (14/15)            Temple (1/1) D:6            Lair (1/6) D:8
    Orc (0/2) D:10          Sewer (visited)         Gauntlet (1/1)
 Vaults: D:13-14

Altars:
Ashenzari
Cheibriados
Dithmenos
Elyvilon
Fedhas
Gozag
Hepliaklqana
Kikubaaqudgha
Makhleb
Nemelex Xobeh
Okawaru
Qazlal
Ru
Sif Muna
Trog
Uskayaw
Vehumet
Wu Jian
Xom
Yredelemnul
Zin
The Shining One

Shops:
D:4 *}}[   D:10 *   D:11 ![!!

Annotations:
D:9 3 runed translucent doors, dvd2's ghost, journeyman TrFi
D:12 Frances Gauntlet 5 transporters


Innate Abilities, Weirdness & Mutations

You cannot wear most types of armour.
You are very stealthy in the water. (Stealth+)
You are amphibious.
You can wear up to eight rings at the same time.
You can use your tentacles to constrict eight enemies at once.
Your skin changes colour to match your surroundings (Stealth+).
Your rubbery body absorbs attacks. (AC +1, EV +1)


Message History

Press: ? - help, Shift-Dir - straight line, f - death ooze
Aim: a death ooze (chance to defeat MR: 0%)
Okay, then.
You pick up a book of Burglary and begin reading...
You add the spells Swiftness, Passwall, Passage of Golubria, Lee's Rapid Deconstruction, Darkness and Invisibility to your library.
You block the death ooze's attack. The death ooze hits you!!
* * * LOW HITPOINT WARNING * * *
Okay, then.
You feel very mighty all of a sudden. You block the death ooze's attack. x2
You hit the death ooze.
The death ooze is lightly damaged.
The death ooze hits you but does no damage.
The death ooze hits you.
* * * LOW HITPOINT WARNING * * *
You puncture the death ooze! You squeeze the death ooze.
The death ooze is heavily damaged.
You block the death ooze's attack. The death ooze hits you!!
You die...
Your body rises from the dead as a mindless zombie.

.................
####...###########...###
...#.8.#...#.#...#.8.#..
...#...#..#...#..#...#.#
...#####.##...##.#####..
.#[#...##..#.##.[#...#..
#.M#©.©#....©.#.©#©.©#..
.#.#...##..#.##J.#...#..
...#####.##...##@#####..
...#...#..#...#..#...#.#
...#...#...#.#...#...#..
####...###########...###
.....≈.............§....
....§8≈§..........≈8≈...
.....≈§§...........≈....
####.§.###########...###
...#...#...≈≈...[#...#.


You could see a death ooze.

Vanquished Creatures
  2 centaur warriors (D:14)
  4 two-headed ogres
  An unseen horror (D:11)
  Pikel (D:7)
  3 ugly things
  A cyclops (D:12)
  A manticore (D:12)
  A moth of wrath (Gauntlet)
  Maurice (D:8)
  A spiny frog (Lair:1)
  A komodo dragon (Lair:1)
  3 gargoyles
  3 hippogriffs
  2 flying skulls (D:13)
  A shadow (D:12)
  5 yaks
  2 wyverns
  2 water elementals (D:11)
  4 hogs
  A human (D:7)
  4 water moccasins
  An acid dragon (D:11)
  4 orc warriors
  2 black bears
  2 phantoms
  3 sky beasts
  A necrophage (D:6)
  3 slaves (D:7)
  5 ogres
  3 wolves (Gauntlet)
  14 centaurs
  4 crocodiles (Lair:1)
  8 bullfrogs
  A wyvern skeleton (D:9)
  5 scorpions
  10 killer bees
  8 wights
  6 electric eels (D:11)
  5 crimson imps
  A bullfrog zombie (D:12)
  2 quasits
  5 jellies
  6 orc priests
  9 hounds
  12 orc wizards
  3 bullfrog skeletons
  3 centaur skeletons
  6 iguanas
  9 worker ants
  A hound skeleton (D:4)
  14 adders
  A howler monkey skeleton (D:11)
  2 shadow imps
  2 oozes
  2 adder skeletons
  6 worms
  2 dart slugs
  5 leopard geckos
  34 orcs
  9 bats
  6 giant cockroaches
  4 goblins
  4 hobgoblins
  24 jackals
  7 kobolds
  4 quokkas
  6 ball pythons
  8 frilled lizards
  2 leopard gecko skeletons
  A leopard gecko zombie (D:8)
  7 rats
336 creatures vanquished.

Vanquished Creatures (collateral kills)
  3 yaks (D:11)
  A bullfrog skeleton (D:11)
4 creatures vanquished.

Vanquished Creatures (others)
  A flying skull (D:13)
  A mummy (D:13)
  A bush (D:7)
  A plant (D:12)
4 creatures vanquished.

Grand Total: 344 creatures vanquished

Notes
Turn   | Place    | Note
-------+----------+-------------------------------------------
     0 | D:1      | dunjonMagik the Octopode Fighter began the quest for the
                  | Orb.
     0 | D:1      | Reached XP level 1. HP: 16/16 MP: 1/1
    99 | D:1      | Reached XP level 2. HP: 12/21 MP: 2/2
   464 | D:1      | Reached XP level 3. HP: 26/26 MP: 3/3
  1757 | D:2      | Reached XP level 4. HP: 26/31 MP: 4/4
  2670 | D:3      | Reached skill level 1 in Polearms
  2670 | D:3      | Reached XP level 5. HP: 36/36 MP: 5/5
  3139 | D:4      | Found Fonin's Gadget Shoppe.
  3146 | D:4      | Found Umpyures's Gadget Emporium.
  3153 | D:4      | Found a glowing drain.
  3169 | Sewer    | Entered a sewer
  3370 | Sewer    | Reached XP level 6. HP: 23/42 MP: 6/6
  3715 | D:4      | Found Qierch's General Store.
  3738 | D:4      | Found an opulent altar of Gozag.
  3909 | D:4      | Found Sorimaddo's Antique Armour Shoppe.
  3927 | D:4      | Found a shimmering blue altar of Sif Muna.
  3942 | D:4      | Reached XP level 7. HP: 46/46 MP: 7/7
  3951 | D:4      | Identified Sif Muna's Incunabulum of Confrontation
  4032 | D:4      | Noticed a moth of wrath
  4084 | D:4      | Found a bloodstained altar of Trog.
  4135 | D:5      | Entered Level 5 of the Dungeon
  4159 | D:5      | Reached skill level 5 in Polearms
  4601 | D:5      | Reached XP level 8. HP: 50/52 MP: 8/8
  4811 | D:5      | Found a hazy altar of Hepliaklqana.
  4811 | D:5      | Found a hide-covered altar of Uskayaw.
  4817 | D:5      | Found a sacrificial altar of Ru.
  4819 | D:5      | Found a faded altar of an unknown god.
  4821 | D:5      | Found a faded altar of an unknown god.
  5004 | D:5      | Reached skill level 5 in Dodging
  5129 | D:5      | Reached skill level 5 in Shields
  5596 | D:6      | Got a fine flail
  5597 | D:6      | Identified the +5 flail of Eternal Vigilance {protect,
                  | rElec Dex+4} (You found it on level 6 of the Dungeon)
  6219 | D:5      | Reached XP level 9. HP: 32/59 MP: 9/9
  6539 | D:6      | Reached skill level 5 in Fighting
  6739 | D:6      | Found a staircase to the Ecumenical Temple.
  6855 | Temple   | Entered the Ecumenical Temple
  7504 | D:6      | Found a sparkling altar of Nemelex Xobeh.
  7829 | D:7      | Found a stormy altar of Qazlal.
  8285 | D:7      | Noticed Pikel
  8349 | D:7      | Killed Pikel
  8349 | D:7      | Reached XP level 10. HP: 50/71 MP: 10/10
  9040 | D:7      | Found a glowing silver altar of Zin.
  9178 | D:7      | Found a snail-covered altar of Cheibriados.
  9183 | D:7      | Found a shimmering altar of Xom.
  9194 | D:7      | Found a basalt altar of Yredelemnul.
  9201 | D:7      | Became a worshipper of Yredelemnul the Dark
  9905 | D:8      | Noticed a two-headed ogre
  9928 | D:8      | Killed a two-headed ogre
 10061 | D:8      | Noticed a two-headed ogre
 10666 | D:8      | Noticed Maurice
 10679 | D:8      | Killed Maurice
 10679 | D:8      | Reached skill level 5 in Maces & Flails
 10806 | D:8      | Killed a two-headed ogre
 10921 | D:8      | Found a staircase to the Lair.
 11025 | D:8      | Found a bloodstained altar of Trog.
 11032 | D:8      | Reached XP level 11. HP: 61/76 MP: 11/11
 11048 | D:8      | Reached * piety under Yredelemnul
 11595 | D:9      | Found the +8 trident of the Octopus King {venom, rElec
                  | rPois MR+}
 11921 | D:9      | Found a runed translucent gate.
 11922 | D:9      | Found a runed translucent gate.
 11922 | D:9      | Found an opulent altar of Gozag.
 11925 | D:9      | Found a runed translucent gate.
 11927 | D:9      | Noticed a cyan ugly thing
 11927 | D:9      | Noticed dvd2's ghost (journeyman TrFi)
 12136 | D:10     | Entered Level 10 of the Dungeon
 12236 | D:10     | Reached ** piety under Yredelemnul
 12395 | D:10     | Found Kagig's Demolitions Depot.
 12727 | D:10     | Noticed a two-headed ogre
 12754 | D:10     | Killed a two-headed ogre
 13009 | D:10     | Found a staircase to the Orcish Mines.
 13705 | D:11     | Noticed a white ugly thing
 13725 | D:11     | Killed a white ugly thing
 13921 | D:11     | Found Juefusurch's Distillery.
 14246 | D:11     | Bought a potion of heal wounds for 70 gold pieces
 14264 | D:11     | You fall into a shaft and drop 3 floors!
 14267 | D:14     | Noticed a centaur warrior
 14273 | D:14     | Noticed a centaur warrior
 14277 | D:14     | Killed a centaur warrior
 14277 | D:14     | Reached skill level 10 in Polearms
 14293 | D:14     | Killed a centaur warrior
 14802 | D:13     | Reached XP level 12. HP: 10/83 MP: 12/12
 15124 | D:13     | Found the +3 giant club "Skullcrusher" {speed, Str+7}
 15388 | D:13     | Noticed a centaur warrior
 15468 | D:11     | Reached skill level 1 in Invocations
 15475 | D:11     | Noticed a two-headed ogre
 15487 | D:11     | Killed a two-headed ogre
 15499 | D:11     | Found Qocit's Distillery.
 15597 | D:11     | Reached *** piety under Yredelemnul
 15864 | D:11     | Bought a potion of degeneration for 14 gold pieces
 15901 | D:11     | Found Bien's Distillery.
 16331 | D:11     | Found Ceilocaic's Armour Shoppe.
 17201 | D:12     | Noticed Frances
 17210 | D:13     | Received a gift from Yredelemnul (a mummy)
 17366 | D:12     | Reached skill level 10 in Shields
 17465 | Lair:1   | Entered Level 1 of the Lair of Beasts
 17673 | Lair:1   | Found a gate leading to a gauntlet.
 17678 | Gauntlet | Entered a Gauntlet
 17678 | Gauntlet | Found a transporter.
 17678 | Gauntlet | Found a transporter.
 17678 | Gauntlet | Found a transporter.
 17682 | Gauntlet | Found a transporter.
 17682 | Gauntlet | Found a transporter.
 17682 | Gauntlet | Found a transporter.
 17839 | Gauntlet | Received a gift from Yredelemnul (a mummy)
 17854 | Gauntlet | Got a crude hat
 17862 | Gauntlet | Identified the +3 hat "Opnuboif" {rN++ Dex-3} (You found it
                  | in a Gauntlet)
 17964 | Gauntlet | Noticed a death ooze
 17964 | Gauntlet | Found a transporter.
 17984 | Gauntlet | Found a transporter.
 17990 | Gauntlet | Slain by a death ooze

Levels and vault maps discovered:
D:1:      minmay_arrival_jagged, layout_basic, chequers_avenue
D:2:      layout_basic
D:3:      layout_loops_ring
D:4:      layout_rooms, grunt_gozag_breadcrumbs, led_sif_book, tgw_trog,
          serial_shops, nicolae_shop_crystal, shop, nicolae_shop_crystal,
          kennysheep_little_box, first_ration, portal_sewer_entry_b
D:5:      layout_loops_corners, chequers_temple_overflow_minitemple
D:6:      layout_basic, temple_pool_b, basic_altar
D:7:      layout_cave_pods, nicolae_qazlal_general_emergency,
          old_standard_altar, minmay_overflow_temple_star_quad, grunt_livestock,
          kb_lookout_dungeons_type, uniq_pikel
D:8:      layout_loops_ring, lair_entry_dummy, trog_butcher_becter, uniq_maurice
D:9:      layout_roguey, ebering_ghost_gozag
D:10:     layout_rooms, orc_0_dummy, nicolae_blasting_shop
D:11:     layout_basic, serial_shops, shop_statue, shop, shop, shop,
          kennysheep_generic_room_4
D:12:     layout_loops_ring, serial_bayou_pond_b, uniq_frances
D:13:     layout_loops_cross, minmay_guarded_unrand_skullcrusher
D:14:     layout_rooms, lightli_vaults_fourway_checkpoint, minivault_26,
          uniq_nessos, uniq_roxanne
Temple:   chequers_temple_sunken
Lair:1:   layout_regular_city, gauntlet_entry_generic,
          nicolae_quartered_pool_little
Gauntlet: gammafunk_gauntlet_hard_choice
          [gammafunk_gauntlet_arena_split_diamond,
          nicolae_gauntlet_arena_t_cross, nicolae_gauntlet_arena_flowing_pool,
          gammafunk_gauntlet_arena_chambers, nicolae_gauntlet_arena_blocks,
          gammafunk_gauntlet_arena_split_x, gauntlet_exit_spiral]

Skill      XL: |  1  2  3  4  5  6  7  8  9 10 11 12 |
---------------+-------------------------------------+-----
Maces & Flails | 3 6 7 |  7.6
Shields        | 4 5 7 8 10 | 10.3
Polearms       | 1 2 4 6 10 | 10.9
Dodging        | 4 6 8 9 |  9.4
Fighting       | 4 8 |  8.6
Invocations    | 4 |  4.9

Action                   |  1- 3 |  4- 6 |  7- 9 | 10-12 || total
-------------------------+-------+-------+-------+-------++-------
Melee: Flail             |    79 |    18 |       |    62 ||   159
       Constrict         |    17 |    21 |    36 |    74 ||   148
       Tentacles         |     9 |    18 |    42 |    87 ||   156
       Trident           |       |    96 |   240 |   482 ||   818
Throw: Dart              |       |     3 |    19 |    20 ||    42
       Boomerang         |       |       |       |     2 ||     2
Evoke: Wand              |       |       |     2 |     4 ||     6
  Use: Scroll            |       |     9 |     4 |     8 ||    21
       Potion            |       |     2 |       |     8 ||    10
 Stab: Sleeping          |     6 |     4 |     7 |    14 ||    31
       Distracted        |       |     1 |       |     2 ||     3
  Eat: Chunk             |     2 |     7 |    14 |    21 ||    44
       Ration            |       |       |       |     3 ||     3
Armor: Skin              |     7 |    13 |     2 |    14 ||    36
Dodge: Dodged            |    37 |    39 |    60 |   207 ||   343
Block: Shield            |    28 |    42 |    90 |   244 ||   404

Table legend:
 A = Non-vault XP
 B = Vault XP
 C = Vault XP percentage of total XP
 D = Non-vault monster count
 E = Vault monster count
 F = Vault count percentage of total count
                 A         B        C        D         E       F
            +---------+---------+-------+---------+---------+-------
      Total |   23534 |    4818 |  17.0 |     286 |      51 |  15.1
            +---------+---------+-------+---------+---------+-------
        D:1 |      62 |       0 |   0.0 |      31 |       0 |   0.0
        D:2 |      88 |       0 |   0.0 |      18 |       0 |   0.0
        D:3 |      25 |       0 |   0.0 |       4 |       0 |   0.0
        D:4 |     232 |     115 |  33.1 |      14 |      10 |  41.7
        D:5 |    1028 |       0 |   0.0 |      27 |       0 |   0.0
        D:6 |    1205 |     196 |  14.0 |      28 |       1 |   3.4
        D:7 |    1006 |    1536 |  60.4 |      22 |       6 |  21.4
        D:8 |    3194 |     697 |  17.9 |      30 |       5 |  14.3
        D:9 |    1791 |       0 |   0.0 |      23 |       0 |   0.0
       D:10 |    2050 |       0 |   0.0 |      19 |       0 |   0.0
       D:11 |    5037 |     147 |   2.8 |      36 |       1 |   2.7
       D:12 |    2383 |     606 |  20.3 |      14 |       4 |  22.2
       D:13 |    1673 |     462 |  21.6 |       9 |       2 |  18.2
       D:14 |    2237 |       0 |   0.0 |       3 |       0 |   0.0
     Lair:1 |    1523 |       0 |   0.0 |       8 |       0 |   0.0
      Sewer |       0 |     227 | 100.0 |       0 |      18 | 100.0
   Gauntlet |       0 |     832 | 100.0 |       0 |       4 | 100.0
            +---------+---------+-------+---------+---------+-------
